[Event "European Women-ch 2023"]
[Site "Petrovac"]
[Date "2023.03.27"]
[Round "9.1"]
[White "Arabidze, Meri"]
[Black "Maltsevskaya, Aleksandra"]
[Result "1/2-1/2"]
[ECO "A49"]
[WhiteElo "2433"]
[BlackElo "2388"]
[Annotator "TA"]
[PlyCount "65"]
[EventDate "2023.03.15"]
[EventType "swiss"]
[EventCountry "MNE"]
[SourceTitle "playchess.com"]
[Source "ChessBase"]
[SourceQuality "1"]
[TimeControl "40/5400+30:1800+30"]

1. d4 Nf6 2. Nf3 g6 3. g3 Bg7 4. Bg2 O-O 5. O-O d6 6. b3 a5 {[%emt 0:08:17] 6...e5 is setting a new trend.} 7. Bb2 a4 {[%emt 0:00:46] A49: 1 d4 Nf6 2 Nf3 g6 3 g3: Anti-King's Indian systems.} 8. c4 c6 9. Nbd2 d5 10. e3 Bf5 11. Qe2 Ne4 12. Nxe4 Bxe4 13. Rfc1 {[%emt 0:01:06] [#]} axb3 $146 ({Predecessor:} 13... Qb6 14. Ba3 Re8 15. cxd5 cxd5 16. Bc5 Qa6 17. Qd1 Nd7 18. Bf1 Qf6 19. Nd2 Bf5 20. bxa4 Nxc5 21. Rxc5 {½-½ Shimanov,A (2587)-Dimitrov,R (2508) Corsica Masters KO 23rd rapid 2019 (1.1)}) 14. axb3 Rxa1 15. Rxa1 Nd7 16. Bh3 Bxf3 17. Qxf3 e6 18. Qe2 Re8 19. Qc2 dxc4 20. bxc4 e5 {[%emt 0:02:46] [#]} 21. Rd1 $1 {[%emt 0:09:58] Hoping for dxe5.} e4 22. d5 f5 23. Bxg7 Kxg7 24. dxc6 (24. Qb2+ $142 Ne5 25. Qxb7+ Re7 26. Qb2) 24... bxc6 $16 25. Qb2+ Kf7 26. Qb7 Re7 27. Qxc6 {[%emt 0:01:06] White has more active pieces.} Ne5 {[%emt 0:01:37][%csl LRc6,LRd1][%mdl 64] [#] Discovered Attack} 28. Rxd8 ({Better is} 28. Qa4 $1 $14 Qb6 29. Bf1) 28... Nxc6 $11 {[%emt 0:00:05] The position is equal.} 29. Rd1 Ne5 30. Bf1 Ke6 31. Be2 Rb7 32. Rc1 Rb2 33. Kf1 {[%emt 0:01:03] Weighted Error Value: White=0.11 (very precise) /Black=0.06 (flawless)} 1/2-1/2

[Event "European Women-ch 2023"]
[Site "Petrovac"]
[Date "2023.03.27"]
[Round "9.1"]
[White "Richterova, Natasa"]
[Black "Dylag, Emilia"]
[Result "1-0"]
[ECO "D38"]
[WhiteElo "2190"]
[BlackElo "2052"]
[Annotator "TA"]
[PlyCount "115"]
[EventDate "2023.03.15"]
[EventType "swiss"]
[EventCountry "MNE"]
[SourceTitle "playchess.com"]
[Source "ChessBase"]
[SourceQuality "1"]
[TimeControl "40/5400+30:1800+30"]

1. d4 Nf6 2. c4 e6 3. Nf3 d5 4. Nc3 Bb4 5. Bg5 O-O (5... dxc4 {is more complex.} 6. e4 c5 7. Bxc4 cxd4 8. Nxd4 Qa5) 6. a3 {[%emt 0:14:16] D38: Queen's Gambit Declined: Ragozin Defence (4 Nf3 Bb4).} Be7 7. e3 b6 8. cxd5 {[%emt 0:01:38] White is slightly better.} exd5 {[%emt 0:02:34] [#]} 9. Qb3 $146 ({Predecessor:} 9. Bd3 Be6 10. Qc2 h6 11. Bh4 c5 12. O-O Qc8 13. Qe2 Nc6 14. Ba6 Qb8 15. Bg3 {1-0 Mantovan,G (1795)-Covello,D (2077) Torino-ch sf 2016 (2)}) 9... Be6 10. Be2 c5 11. Rd1 c4 12. Qc2 Na6 13. O-O Re8 (13... Nc7 $14 {is superior.}) 14. Ne5 Qc8 {[%emt 0:07:18] Dodges Nc6} 15. Bf3 Nc7 16. Nc6 {[%emt 0:05:48] White has more active pieces.} Bf5 17. Nxe7+ (17. e4 {with more complications.} dxe4 18. Nxe4 Bf8 19. Bxf6 Qe6 20. Nd8) 17... Rxe7 18. Qc1 Qe6 (18... Qd7 $142) 19. Bxf6 $16 gxf6 20. Rfe1 Bg4 21. Bxg4 Qxg4 22. e4 dxe4 (22... Qg5 $16) 23. Re3 Kh8 24. d5 {[%emt 0:01:55][%cal Bd4d5,Bd5d6,Bd6d7][%mdl 1056] White has strong compensation.} Re5 (24... Rg8 $2 25. Rg3 Qc8 26. d6 $18) 25. Rg3 Qh5 (25... Qh4 $16 {is a better defense.}) 26. Qf4 $18 {[%emt 0:01:11][%csl LRe4,LRf6][%cal Rf4f6] [#]} Qf5 27. Qh6 Rg8 {[%emt 0:00:06] Repels Qg7+} 28. d6 Ne6 29. Rxg8+ (29. d7 Rd8) 29... Kxg8 30. d7 Nd8 31. Qe3 (31. h4 $18) 31... Qe6 32. Qd4 ({White should play} 32. Rd4 $18) 32... e3 33. f3 f5 $2 {[%emt 0:00:32] [#]} ({Much less strong is} 33... e2 34. Re1 $14) (33... Kg7 $11) 34. f4 (34. Re1 $1 $16 {Black must now prevent f4.} e2 35. Kf2) 34... e2 $1 $11 35. fxe5 exd1=Q+ (35... exd1=R+ {simplifies} 36. Nxd1 f6 37. Ne3 fxe5 38. Qxc4 Qxc4 39. Nxc4 Kf7) 36. Nxd1 {[%emt 0:00:03][%mdl 4096] Endgame KQN-KQN} f6 $1 37. Ne3 $36 {[%emt 0:00:46][%mdl 2048] White fights for an advantage.} (37. exf6 $2 Qe1#) 37... fxe5 (37... Qxe5 {simplifies} 38. Qxe5 fxe5 39. Nxc4 Kf7) 38. Qxc4 Kf7 $2 {[%emt 0:00:56] Black cannot hold the game after this.} (38... Qxc4 $11 {and Black stays safe.} 39. Nxc4 Kf7) 39. Qh4 $18 Qxd7 40. Qxh7+ Ke8 41. Qh8+ (41. Qxf5 Qd4 42. Qf2 Ne6 $16) 41... Kf7 42. Qxe5 Kg6 43. h3 Nc6 (43... Nf7 $16 44. Qg3+ Kf6 45. Qh4+ Kg6 46. Qg3+ Kf6) 44. Qg3+ Kf6 45. h4 {[%emt 0:05:44] Qg5+ is the strong threat.} Nd4 (45... Ne7 $142 46. Qf4 (46. Qg5+ Ke6 $16) 46... Qe6) 46. Qg5+ Kf7 47. h5 Qe6 48. Kf2 ({Not} 48. h6 Qf6 49. Qh5+ Qg6 $16) 48... Qe4 $2 (48... Qf6 {was necessary.} 49. Qf4 a5) 49. h6 {[%emt 0:00:18] aiming for h7.} f4 50. Qd5+ Qxd5 51. Nxd5 {[%emt 0:00:06] KN-KN} Kg6 52. Nxf4+ Kxh6 53. Ke3 Nc6 54. Ke4 Kg5 55. Ne2 Kg4 $2 (55... Na5 56. Kd5 b5) 56. Kd5 {[%emt 0:01:43] White is clearly winning.} Na5 57. Nd4 {[%emt 0:04:02] b4 would be deadly.} a6 58. b4 {[%emt 0:00:20] Weighted Error Value: White=0.22 (precise) /Black=0.40} 1-0

[Event "European Women-ch 2023"]
[Site "Petrovac"]
[Date "2023.03.27"]
[Round "9.1"]
[White "Jarocka, Liwia"]
[Black "Narva, Mai"]
[Result "0-1"]
[ECO "B33"]
[WhiteElo "2181"]
[BlackElo "2389"]
[Annotator "TA"]
[PlyCount "124"]
[EventDate "2023.03.15"]
[EventType "swiss"]
[EventCountry "MNE"]
[SourceTitle "playchess.com"]
[Source "ChessBase"]
[SourceQuality "1"]
[TimeControl "40/5400+30:1800+30"]

1. e4 c5 2. Nf3 Nc6 3. d4 cxd4 4. Nxd4 Nf6 5. Nc3 e5 6. Ndb5 d6 7. Nd5 Nxd5 8. exd5 Nb8 9. c4 {[%emt 0:00:24] 9.a4 is the hot move.} a6 10. Qa4 Nd7 {[%emt 0:06:00] B33: Sicilian: Pelikan and Sveshnikov Variations.} 11. Be3 Rb8 12. Nc3 Be7 {[%emt 0:01:19] The position is equal.} 13. Be2 O-O {[%emt 0:01:44] [#]} 14. g4 $146 (14. f3 $11) ({Predecessor:} 14. O-O f5 15. f3 Bg5 16. Bf2 Qf6 17. Qa3 Qh6 18. Kh1 b6 19. Rad1 Rf6 20. Rd3 {½-½ Bluhm,G (1790)-Jaeger,A (1965) Berlin-ch QT 2018 (4)}) 14... Bg5 15. Bxg5 Qxg5 16. Qa3 Nf6 {[%emt 0:08:37][%cal Bd7f6,Bf6g4,Bg4h2][%mdl 32] Prevents Ne4.} 17. Qxd6 Bxg4 {[%emt 0:04:51][%cal Ob7b5] ...b5! is the strong threat.} 18. Qb6 Bxe2 19. Nxe2 Qf5 20. Rg1 Kh8 ({Black should try} 20... g6 $15) 21. Rc1 Ng4 22. h3 Nh2 23. Rg3 h5 24. Ng1 {[%emt 0:03:12] Prevents Nf3+.} h4 (24... Qf4 25. Qe3 $16) 25. Re3 Qg5 26. Ke2 f5 {[%emt 0:01:13] Hoping for ...f4.} 27. Re1 Rbe8 (27... Rbc8 $5 28. b3 e4 $11) 28. Kd1 Qf4 29. Rc3 e4 30. Qe3 (30. Qxb7 Qxf2 31. Rc2 Qg3 $17) 30... Qd6 31. Qg5 f4 (31... Kg8 {simplifies} 32. Qd2 f4 33. f3 Nxf3 34. Nxf3 exf3 35. Rxf3 g5) 32. Qxh4+ (32. Kc1 $11) 32... Kg8 $17 33. Qg5 (33. Kc1 $142) 33... Qb6 $1 $36 {[%emt 0:00:55][%csl LRb2,LRf2][%mdl 2048] Keeping White busy.} 34. Rc2 e3 $1 35. f3 {[%emt 0:01:09] [#]} (35. fxe3 $17 {was forced.} Rxe3 36. Rxe3 (36. Rxh2 $2 Qd4+ 37. Rd2 Qe4 $19) 36... Qxe3 37. Rxh2 Qd3+ 38. Kc1 (38. Rd2 Qf1+ 39. Kc2 Qxc4+ 40. Kd1 Qf1+ 41. Kc2 Rc8+ 42. Kb3 Qc4+ 43. Ka3 b5) 38... Qxc4+ 39. Kd2 (39. Rc2 $2 Qf1+ 40. Kd2 Re8 $19)) 35... e2+ $1 $19 {[%emt 0:00:54][%mdl 576] Deflection} 36. Rexe2 Nf1 {[%emt 0:00:21] And now ...Qd4+ would win.} 37. Kc1 Ng3 38. c5 Nxe2+ 39. Nxe2 Qa5 40. Kb1 {[%emt 0:00:00] [#]} Qe1+ $1 41. Nc1 Re5 {[%emt 0:08:51] Against d6} 42. Qg6 Rxd5 (42... Rf6 43. Qd3 $14) 43. Re2 Qd1 44. Qe6+ (44. Re7 Qd4 45. b4 a5 46. Rxb7 axb4 $17) 44... Kh8 45. Qe7 Rc8 46. Rg2 (46. b4 $17) 46... Qd4 {[%emt 0:04:33] Active counter play!} (46... Rcxc5 $2 47. Qxg7#) 47. Rg4 {[%emt 0:01:30] White wants to mate with Rh4+.} Qe5 (47... Rcxc5 $2 48. Rh4+ (48. Qxb7 $2 {gets mated.} Rxc1+ {[%mdl 64] Back Rank} 49. Kxc1 Qd1#) 48... Rh5 49. Rxh5+ Rxh5 50. Qe8+ (50. Qxb7 $2 Qd6 $19) 50... Kh7 51. Qxh5+ $18) 48. Qxe5 Rxe5 49. Rxf4 Rexc5 {[%emt 0:00:24][%csl Gc8][%cal Rc5c1][%mdl 4096] Endgame KRR-KRN} (49... Rcxc5 $2 {loses.} 50. Nd3 Rf5 51. Re4 $19 (51. Rh4+ $2 Rh5 $19)) 50. Nb3 Rc4 51. Rf7 (51. Rg4) 51... Rb4 (51... a5 $142 {aiming for ...a4.} 52. a3 a4 53. Rxb7 axb3 54. Rxb3 Rh4) 52. Rd7 Rcc4 53. Rd3 Rh4 54. a3 Rbc4 55. Na5 Rc7 56. Rd8+ Kh7 57. Rb8 $2 (57. Nb3) 57... Rxh3 {[%emt 0:00:22] Black is clearly winning.} 58. Nxb7 Rxf3 {[%emt 0:00:18] Strongly threatening ...Rb3.} 59. Nd6 Rc6 60. Ne4 {[%emt 0:00:08] Threatens to win with Ng5+.} Re3 61. Nf2 g5 62. b4 Re1+ {[%emt 0:00:43] Weighted Error Value: White=0.42/Black=0.14 (very precise)} 0-1

[Event "European Women-ch 2023"]
[Site "Petrovac"]
[Date "2023.03.27"]
[Round "9.2"]
[White "Beydullayeva, Govhar"]
[Black "Hrebenshchykova, Yelyzaveta"]
[Result "1-0"]
[ECO "D38"]
[WhiteElo "2388"]
[BlackElo "2289"]
[Annotator "TA"]
[PlyCount "119"]
[EventDate "2023.03.15"]
[EventType "swiss"]
[EventCountry "MNE"]
[SourceTitle "playchess.com"]
[Source "ChessBase"]
[SourceQuality "1"]
[TimeControl "40/5400+30:1800+30"]

1. d4 Nf6 2. c4 e6 3. Nf3 d5 4. Nc3 Bb4 5. Qa4+ Nc6 6. e3 O-O 7. Qc2 {[%emt 0:00:14] D38: Queen's Gambit Declined: Ragozin Defence (4 Nf3 Bb4).} Re8 8. Bd2 dxc4 9. Bxc4 {[%emt 0:00:59] The position is equal.} Bd6 10. O-O e5 (10... a6 $11) 11. Ng5 $16 Rf8 12. Nd5 {[%emt 0:12:49] Intending Nxf6+ and mate. White is much more active. The black rooks are badly placed.} g6 {[%emt 0:02:58] White must now prevent ...Nxd5.} 13. Nxf6+ Qxf6 14. Ne4 Qe7 15. Nxd6 Qxd6 16. d5 {[%emt 0:02:15] [#]} Ne7 $146 ({Predecessor:} 16... Nb4 17. Qb3 Na6 18. e4 Nc5 19. Qa3 a5 20. Rfe1 Bd7 21. Rac1 b6 22. Bh6 Rfe8 {1-0 Pultinevicius,P (2546)-Kosakowski,J (2437) EU-ch Blitz Katowice 2021 (20)}) 17. Rfd1 c6 18. dxc6 Nxc6 19. Bc3 Qe7 20. Qb3 Rb8 21. Bd5 Bd7 22. Rac1 Rfd8 23. Be1 Be8 24. Qc4 Kg7 25. f4 f6 26. Bh4 exf4 27. exf4 (27. Qxf4 $2 g5 28. Qg3 Bg6 29. Bxg5 fxg5 $19) 27... Qd6 28. Qe2 {[%emt 0:07:03] Bxc6 would be deadly.} (28. Qb3 $5 Qb4 29. Qe3 $14) 28... Ne7 {[%emt 0:02:05][%mdl 8192] This move loses the game for Black.} (28... Qe7 $14 29. Qf3 Bf7) 29. Bb3 $18 {[%emt 0:00:46] A strong pair of Bishops.} Qb6+ 30. Bf2 {[%emt 0:00:08][%mdl 64] [#] Skewer} Rxd1+ 31. Qxd1 $2 (31. Rxd1 Qc7 32. Qe6 (32. Bxa7 Ra8 $16)) 31... Qb4 (31... Qd8 {is more resistant.} 32. Qxd8 (32. Bxa7 Qxd1+ 33. Rxd1 Rc8 $16) 32... Rxd8) 32. Rc4 {[%emt 0:01:15] Black is weak on the dark squares} ({Less strong is} 32. Bxa7 Rc8 $16) 32... Qa5 33. Qd6 Qd8 34. Qxd8 (34. Bc5 $142) 34... Rxd8 {[%emt 0:00:55] [#]} 35. Rc7 ({But not} 35. Bxa7 Rd7 $16) 35... Rd7 36. Rxd7 Bxd7 37. Bxa7 {[%emt 0:00:04][%mdl 4096] Endgame KBB-KBN} Bc6 38. Bc5 Nf5 39. g3 {[%emt 0:01:59][%cal Bg2g3,Bg3f4][%mdl 32] Prevents Nh4.} h5 40. a4 g5 41. Bc2 Nh6 42. Bd4 Nf7 (42... Kf7 $142 43. b4 Ke6 44. fxg5 fxg5) 43. h4 gxf4 44. gxf4 Nd6 45. Kf2 Kf7 46. b4 Ke6 47. Ke2 f5 $2 (47... Nf5 {was called for.} 48. Bf2 Nd6) 48. b5 {[%emt 0:02:35] White is clearly winning.} Bd5 49. Bd1 Kd7 50. Ke3 Bf7 51. Bc5 Ne4 52. Kd4 Nd2 53. Bb4 Nf1 54. Bf3 Kc7 55. Ke5 Nh2 56. Be2 Ng4+ 57. Kxf5 Be8 58. a5 b6 59. a6 Kb8 60. Ke4 {[%emt 0:01:34] Weighted Error Value: White=0.25 (precise) /Black=0.49} 1-0

[Event "European Women-ch 2023"]
[Site "Petrovac"]
[Date "2023.03.27"]
[Round "9.2"]
[White "Sargsyan, Anna M."]
[Black "Khotenashvili, Bela"]
[Result "1/2-1/2"]
[ECO "C54"]
[WhiteElo "2371"]
[BlackElo "2491"]
[Annotator "TA"]
[PlyCount "72"]
[EventDate "2023.03.15"]
[EventType "swiss"]
[EventCountry "MNE"]
[SourceTitle "playchess.com"]
[Source "ChessBase"]
[SourceQuality "1"]
[TimeControl "40/5400+30:1800+30"]

1. e4 e5 2. Nf3 Nc6 3. Bc4 Nf6 4. d3 Bc5 5. c3 O-O 6. O-O d5 7. exd5 Nxd5 8. Re1 Bg4 9. h3 {[%emt 0:01:21] C54: Giuoco Piano: 4 c3 Nf6, main lines with 5 d4 and 5 d3.} Bh5 10. Nbd2 Nb6 11. Bb3 Kh8 12. Ne4 Bd6 13. a4 a5 14. g4 Bg6 {[%emt 0:05:32] [#]} 15. d4 $146 ({Predecessor:} 15. Bg5 f6 16. Bh4 Qd7 17. Nh2 f5 18. Nxd6 cxd6 19. f3 f4 20. d4 Rfe8 21. dxe5 dxe5 {1-0 Seidel,M (2020)-Gottstein,T Baunatal op 1st 1995 (5)}) 15... exd4 16. Nxd4 Re8 17. Nf5 Bf8 18. Bg5 Qxd1 19. Raxd1 Ne5 {[%emt 0:00:48] [#] White must now prevent ...Nf3+.} 20. Kg2 {[%emt 0:00:33][%cal Oe4f6] Dodges Nf3. Threatens to win with Nf6!} Nec4 21. Bc1 Rad8 22. Ng5 {[%emt 0:04:08] Hoping for Nh4.} h6 23. Rxd8 Rxd8 24. Nf3 Bxf5 25. gxf5 Kg8 26. f6 gxf6 27. Re4 Nd6 {[%emt 0:00:10] The position is equal.} 28. Rg4+ {[%emt 0:00:35][%mdl 1024] White has compensation.} Kh8 29. Rh4 Nd7 30. Bc2 (30. Bxh6 $2 Nf5 31. Bf4+ Nxh4+ 32. Nxh4 Nc5 $19) 30... Re8 31. Nd4 c5 32. Nf5 Re2 33. Ne3 {[%emt 0:07:23] next Kf1 is good for White.} Re1 34. Bd2 Re2 35. Bc1 Re1 $1 36. Bd2 Re2 {[%emt 0:00:01] Weighted Error Value: White=0.04 (flawless) /Black=0.03 (flawless)} 1/2-1/2

[Event "European Women-ch 2023"]
[Site "Petrovac"]
[Date "2023.03.27"]
[Round "9.2"]
[White "Calzetta Ruiz, Monica"]
[Black "Aydin, Gulenay"]
[Result "1-0"]
[ECO "A36"]
[WhiteElo "2185"]
[BlackElo "2039"]
[Annotator "TA"]
[PlyCount "137"]
[EventDate "2023.03.15"]
[EventType "swiss"]
[EventCountry "MNE"]
[SourceTitle "playchess.com"]
[Source "ChessBase"]
[SourceQuality "1"]
[TimeControl "40/5400+30:1800+30"]

1. c4 Nf6 2. Nc3 g6 3. g3 Bg7 4. Bg2 O-O 5. e4 d6 6. Nge2 c5 7. O-O Nc6 8. d3 a6 9. h3 Rb8 10. a4 Ne8 11. Be3 Nd4 12. Rb1 Bd7 {[%emt 0:07:09] is the legacy move (12...Nc7).} 13. b4 {[%emt 0:02:58] A36: Symmetrical English vs ...g6: 4 Bg2 Bg7.} Nxe2+ 14. Nxe2 cxb4 15. Rxb4 {[%emt 0:00:30] White is slightly better.} b5 16. axb5 axb5 17. cxb5 Rxb5 18. Rxb5 Bxb5 19. Qb3 Bd7 20. Rc1 Nf6 21. Nd4 {[%emt 0:18:00] [#]} Qb8 $146 ({Predecessor:} 21... Qa5 22. Nc6 Bxc6 23. Rxc6 Nd7 24. Qc2 Qd8 25. d4 h6 26. Rc7 Nc5 27. Ra7 Ne6 {1-0 Pogan,N (2290)-Schroeter,S (2125) BL2-Sued 1314 2013 (6.8)}) 22. Qxb8 Rxb8 23. Nc6 Re8 24. d4 {[%emt 0:00:36] Hoping for e5.} Bxc6 25. Rxc6 Nd7 26. Rc7 Nf8 27. d5 h6 28. Bf1 Nh7 29. Bb5 Rb8 30. Bd3 {[%emt 0:00:06] This pair of bishops is nice.} Re8 31. Rb7 Bf8 32. Kg2 {[%emt 0:04:51] White is much more active.} Nf6 33. Kf3 Ra8 34. Bb5 Ra3 35. Bc6 Rc3 36. Rb8 Kg7 37. Ke2 Rc4 {[%emt 0:05:08] Repels Bd4} (37... e5 $14) 38. f3 ({White should try} 38. e5 $1 $18 dxe5 39. Kd3) 38... Rc2+ $16 39. Bd2 Ra2 40. g4 {[%emt 0:00:00] Repels Nh5} g5 41. Kd3 $1 Ra1 (41... e5 $142) 42. Bc3 $1 Rh1 {[%emt 0:06:34] [#]} (42... Rd1+ $16 43. Ke2 Rc1) 43. e5 $1 $18 dxe5 44. Bxe5 Rxh3 {[%emt 0:05:07] [#]} 45. d6 $1 {[%emt 0:00:09][%mdl 576] Deflection} exd6 46. Bxf6+ {[%emt 0:00:18][%mdl 64] Deflection} Kxf6 47. Rxf8 {[%emt 0:00:06][%mdl 4096] Endgame KRB-KR} h5 48. gxh5 Rxh5 {[%emt 0:01:13][%cal Og5g4] [#]} 49. Bd5 $1 Rh7 50. Ke4 Rh4+ 51. Ke3 Rh7 (51... g4 52. f4 (52. Bxf7 Ke7 $11) (52. Rxf7+ Ke5 $11) 52... Rh7) 52. Kf2 Rg7 53. Kg3 Ke7 54. Rh8 Kf6 55. Be4 {[%emt 0:03:46] Intending Re8 and mate.} Ke6 56. Re8+ Kd7 57. Ra8 g4 (57... Ke6 $142 58. Ra5 Rg8) 58. fxg4 Ke7 {[%emt 0:00:44] White mates.} 59. Kf4 Kf6 60. Bf5 Rg5 61. Rd8 Rg7 62. Rxd6+ Ke7 63. Rd7+ Ke8 64. Ra7 Kf8 65. Ra8+ Ke7 66. Ke5 f6+ 67. Kd5 Rg5 68. Ra7+ Kf8 69. Ke4 {[%emt 0:00:37] Weighted Error Value: White=0.06 (flawless) /Black=0.21 (precise)} (69. Ke6 $142 Rxg4 70. Bxg4 f5 71. Bxf5 Kg8 72. Kf6 Kh8 73. Ra8#) 1-0

[Event "European Women-ch 2023"]
[Site "Petrovac"]
[Date "2023.03.27"]
[Round "9.3"]
[White "Vega Gutierrez, Sabrina"]
[Black "Rudzinska, Michalina"]
[Result "1/2-1/2"]
[ECO "B12"]
[WhiteElo "2361"]
[BlackElo "2212"]
[Annotator "TA"]
[PlyCount "111"]
[EventDate "2023.03.15"]
[EventType "swiss"]
[EventCountry "MNE"]
[SourceTitle "playchess.com"]
[Source "ChessBase"]
[SourceQuality "1"]
[TimeControl "40/5400+30:1800+30"]

1. e4 c6 2. d4 d5 3. e5 Bf5 4. h4 h5 5. c4 e6 6. Nc3 dxc4 $1 {[%emt 0:02:42][%mdl 4] outshines the older 6...Ne7.} 7. Bxc4 Nd7 8. Nf3 {[%emt 0:00:22] B12: Caro-Kann: Advance Variation.} Nb6 9. Be2 Ne7 10. Bg5 Qd7 ({Resist} 10... Nbd5 11. Nb5 Kd7 12. Nd6 $16) 11. O-O Bg4 {[%emt 0:03:47] [#]} 12. a4 $146 ({Predecessor:} 12. Nh2 Bxe2 13. Qxe2 Nf5 14. Nf3 Be7 15. Bxe7 Qxe7 16. g3 Rd8 17. Rfd1 f6 18. Rd3 {½-½ Lupulescu,C (2659)-Harikrishna,P (2730) FIDE World Cup 2021 (3.2)}) 12... Nf5 13. a5 Nd5 14. a6 b6 15. Nxd5 Qxd5 16. Rc1 Be7 17. Bxe7 Nxe7 18. Ng5 Bxe2 19. Qxe2 Nf5 20. Nf3 Rc8 21. Rfd1 Rh6 22. g3 Rg6 23. b4 (23. Ng5 $14) 23... Rg4 $11 24. b5 g5 $1 25. hxg5 (25. Nxg5 $2 Nxh4 26. Qf1 Rxg5 $19) 25... h4 $1 26. Ne1 (26. Rxc6 $15 Rd8 27. Rc7 hxg3 28. Rd3 (28. Rxa7 $2 {loses.} Nh4 $19)) 26... Rxg5 $17 27. Rxc6 (27. bxc6 $17 {keeps fighting.} hxg3 28. Qf3) 27... Rxc6 28. bxc6 Qxc6 ({Black should play} 28... hxg3 $17 29. f4 Rg8) 29. Qd2 Rg4 (29... Rg6 $5 30. Rc1 Qd7 $15) 30. Rc1 $132 {[%emt 0:00:01][%mdl 2048] White is not keeping still} Qd7 31. Qe2 Qxd4 32. Rc8+ $1 Ke7 (32... Kd7 $5 33. Ra8 $8 Rxg3+ 34. Kh2 Rb3 35. Rxa7+ Ke8 $11) 33. Qb5 {[%emt 0:01:13][%csl Gc8][%cal Rb5e8] [#]} Qd7 {[%emt 0:01:00] Prevents Qe8+} (33... Nxg3 $2 34. Re8#) (33... Rxg3+ $2 34. Kf1 Ng7 35. fxg3 hxg3 36. Nd3 $18) 34. Qxd7+ Kxd7 $11 {[%emt 0:00:04][%mdl 4096] Endgame KRN-KRN} 35. Ra8 Ra4 36. Rxa7+ Kc6 37. Rxf7 Rxa6 38. g4 (38. gxh4 {simplifies} Nxh4 39. Nc2 Ra8 40. Ne3) 38... Ra1 39. Kf1 (39. Kg2 $15 Rxe1 40. gxf5) 39... Nh6 $2 (39... Nd4 $19 {Strongly threatening ...Kd5.} 40. g5 Nc2) 40. Rg7 (40. Re7 $11 {remains equal.} Nxg4 41. Rxe6+ Kc5 42. f3 Ne3+ 43. Kf2) 40... Kd5 (40... h3 $17 41. Rh7 Nxg4 42. Rxh3 Nxe5) 41. f3 b5 {[%emt 0:07:48][%cal Ob5b4] aiming for ...b4!} 42. Kf2 b4 43. Nd3 h3 {[%emt 0:09:45] Threatens to win with ...h2.} 44. Nxb4+ Kc4 45. Rc7+ Kxb4 {[%emt 0:00:07] KRN-KR} 46. Kg3 Rh1 47. Rc6 h2 48. Kg2 {[%emt 0:00:01] [#] Inhibits Rf1.} (48. Rxe6 $11 Nf7 49. f4) 48... Rf1 $1 $15 {[%emt 0:01:06][%mdl 64] Decoy, Clearance, Promotion} 49. Kxh2 Rxf3 50. g5 Ng4+ 51. Kg2 {[%emt 0:00:06] Black must now prevent Rb6+.} Nxe5 52. Rxe6 Rf5 53. Kg3 Rxg5+ 54. Kf4 Rh5 (54... Nf7 $1 $15) 55. Rxe5 $11 Rxe5 56. Kxe5 {[%emt 0:00:05] Weighted Error Value: White=0.22 (precise) /Black=0.21 (precise)} 1/2-1/2

[Event "European Women-ch 2023"]
[Site "Petrovac"]
[Date "2023.03.27"]
[Round "9.3"]
[White "Savina, Anastasia"]
[Black "Kiolbasa, Oliwia"]
[Result "0-1"]
[ECO "D53"]
[WhiteElo "2345"]
[BlackElo "2406"]
[Annotator "TA"]
[PlyCount "76"]
[EventDate "2023.03.15"]
[EventType "swiss"]
[EventCountry "MNE"]
[SourceTitle "playchess.com"]
[Source "ChessBase"]
[SourceQuality "1"]
[TimeControl "40/5400+30:1800+30"]

1. d4 Nf6 2. Nf3 d5 3. c4 e6 4. Nc3 Nbd7 5. Bg5 Be7 6. e3 h6 7. Bf4 {[%emt 0:02:45] D53: Queen's Gambit Declined: 4 Bg5 Be7: Early deviations.} dxc4 8. Bxc4 Nh5 {[%emt 0:00:35] [#]} 9. Be5 $146 {[%emt 0:13:37] White is slightly better.} ({Predecessor:} 9. Bg3 Nxg3 10. hxg3 a6 11. Ne4 b5 12. Bb3 Bb7 13. Bc2 c5 14. Kf1 c4 15. g4 {0-1 Haemmerlein,T-Thielsch,N Berlin Chemie op 1995 (2)}) 9... a6 10. Qc2 Nhf6 11. O-O-O (11. O-O $14) 11... b5 12. Bb3 c6 {[%emt 0:01:54] [#]} 13. g4 $1 Qb6 (13... Nxe5 14. dxe5) 14. g5 (14. Rhg1 $5 ) 14... hxg5 15. Nxg5 {[%emt 0:00:41][%cal Ob3e6] aiming for Bxe6!} Nxe5 16. dxe5 Nd5 17. Rhg1 Rh6 (17... Rxh2 18. Nxf7 Kf8 19. Bxd5 exd5 20. Qg6 Rxf2 21. Qxg7+ Ke8 22. Qg8+ Kd7 23. e6+ Kc7 24. Qg3+ Kb7 25. Qxf2 $18) 18. Nce4 Bd7 (18... a5 $1 $11) 19. Nd6+ $16 Bxd6 20. exd6 {[%emt 0:00:02] Hoping for e4.} a5 $1 21. Kb1 (21. Ne4 $16) 21... Nf6 (21... a4 $11 {keeps the balance.} 22. Bxd5 cxd5) 22. a4 bxa4 23. Bxa4 Rb8 {[%emt 0:00:06] [#]} 24. h3 (24. Nf3 $1 $16 Rh5 25. Qc3 (25. Rxg7 Rc5 $18)) 24... Kf8 25. e4 c5 {[%emt 0:00:50][%cal Bc6c5,Bc5d4][%mdl 32] And now ...Bxa4 would win.} 26. Bxd7 Nxd7 27. Qc3 {[%emt 0:00:14][%cal Og5e6] Nxe6+! is the strong threat.} e5 {[%emt 0:00:36] Dancing on a razor blade.} 28. f4 Rxd6 {[%emt 0:02:10] Strongly threatening ...Rd4.} 29. fxe5 Rd4 30. Rxd4 $2 (30. e6 $11 {and White stays safe.} fxe6 31. Rxd4 cxd4 32. Qxd4) 30... cxd4 $19 31. Qa3+ {[%emt 0:00:03] [#]} Kg8 $1 32. Nf3 (32. Rg2 $142 Nxe5 33. Qg3) 32... Nf8 33. Rd1 Ne6 34. Rd2 Qc6 35. Nxd4 Qxe4+ 36. Nc2 Qxe5 37. Na1 $2 (37. Ne3) 37... Qe1+ 38. Kc2 Rc8+ {[%emt 0:00:08][%mdl 64] Deflection.   Weighted Error Value: White=0.49/Black=0.19 (very precise)} 0-1